AoeStats
← Fs.Carniça

Northern Isles

510342172Analyzed
1v1 RM · 20h ago on Sep 30, 2026· 26m 29s· 2 players
Game mode
Random Map
Map size
Tiny (2 player)
Population
200
Speed
Normal
Resources
Standard
Victory
Conquest
Starting age
Dark Age
Ending age
Imperial Age
RankedLock teamsTeams togetherTeam positionsShared explorationLock speedFull tech treeHidden civsTurbo modeCheats
Victory
Defeat
🇪🇸 Saracens · Spain
1590
+19
🇧🇷 Vikings · Brazil
1655
-19
Aleixofempires
7:26 Loom
10:02 Feudal Age
10:40 Double-Bit Axe
11:48 Fletching
24:03 Castle Age
23:30 Scale Barding Armor
24:08 Padded Archer Armor
24:00 Horse Collar
24:55 Medium Warships
24:44 Bodkin Arrow
24:15 Crossbowman
Fs.Carniça
6:11 Loom
9:39 Feudal Age
10:15 Double-Bit Axe
22:27 Fletching
22:29 Town Watch
27:03 Castle Age
25:01 Gold Mining
26:18 Padded Archer Armor
Connection lost

Rejoining the realm…

Still unreachable

The connection could not be restored.

Session expired

The server has moved on; the page needs a fresh start.